% Time on Ice - SAN JOSE BRONCOS
Lines # - Real PCT - Wanted PCT - Time Play
Normal Forward
1 - 34% - 34% - 18:26
2 - 31% - 30% - 16:30
3 - 28% - 27% - 14:54
4 - 8% - 9% - 4:13
Normal Defense
1 - 37% - 37% - 19:57
2 - 33% - 33% - 17:37
3 - 30% - 30% - 16:29
4 - 0% - 0% - 0:00
PP Forward
1 - 65% - 60% - 1:17
2 - 35% - 40% - 0:42
PP Defense
1 - 65% - 60% - 1:17
2 - 35% - 40% - 0:42
PK Forward
1 - 53% - 50% - 2:06
2 - 47% - 50% - 1:52
PK Defense
1 - 40% - 50% - 1:36
2 - 60% - 50% - 2:22
PK3 Forward
1 - 0% - 50%
2 - 0% - 50%
PK3 Defense
1 - 0% - 55%
2 - 0% - 45%
44 Forward
1 - 0% - 50%
2 - 0% - 50%
44 Defense
1 - 0% - 50%
2 - 0% - 50%
Last Minute Offensive  - 0:00
Last Minute Defensive  - 0:00
Total
Forward - 60:00
Defense - 60:00
% Time on Ice - PHOENIX MUSTANGS
Lines # - Real PCT - Wanted PCT - Time Play
Normal Forward
1 - 39% - 40% - 21:08
2 - 31% - 31% - 16:46
3 - 24% - 24% - 13:05
4 - 6% - 5% - 3:04
Normal Defense
1 - 42% - 48% - 22:52
2 - 34% - 37% - 18:23
3 - 23% - 15% - 12:10
4 - 1% - 0% - 0:38
PP Forward
1 - 48% - 55% - 1:54
2 - 52% - 45% - 2:04
PP Defense
1 - 48% - 55% - 1:55
2 - 52% - 45% - 2:03
PK Forward
1 - 61% - 55% - 1:12
2 - 39% - 45% - 0:47
PK Defense
1 - 25% - 55% - 0:30
2 - 75% - 45% - 1:29
PK3 Forward
1 - 0% - 55%
2 - 0% - 45%
PK3 Defense
1 - 0% - 55%
2 - 0% - 45%
44 Forward
1 - 0% - 55%
2 - 0% - 45%
44 Defense
1 - 0% - 55%
2 - 0% - 45%
Last Minute Offensive  - 0:00
Last Minute Defensive  - 0:00
Total
Forward - 60:00
Defense - 60:00
Play-by-Play 1st period 0:01 of 1st period - Evgeni Malkin wins face-off versus Kevin Hayes in neutral zone. 0:20 of 1st period - Shot by Claude Giroux. 0:20 of 1st period - Shot Blocked by Erik Karlsson. 0:24 of 1st period - Shot by Evgeni Malkin. 0:24 of 1st period - Stopped by Joonas Korpisalo without a rebound. 0:25 of 1st period - Teuvo Teravainen wins face-off versus Brayden Point in PHOENIX MUSTANGS zone. 0:34 of 1st period - Shot by Brayden Point. 0:34 of 1st period - Shot Misses the Net. 0:40 of 1st period - Neal Pionk is hit by Teuvo Teravainen and loses puck. 0:53 of 1st period - Shot by Teuvo Teravainen. 0:53 of 1st period - Shot Misses the Net. 1:03 of 1st period - Shot by Andrew Copp. 1:03 of 1st period - Shot Misses the Net. 1:05 of 1st period - Shot by Andrew Copp. 1:05 of 1st period - Deflect By Christian Dvorak. 1:05 of 1st period - Shot Misses the Net. 1:07 of 1st period - Shot by Andrew Copp. 1:07 of 1st period - Shot Misses the Net. 2:00 of 1st period - Shot by Clayton Keller. 2:00 of 1st period - Stopped by Petr Mrazek without a rebound. 2:01 of 1st period - Kevin Hayes wins face-off versus Evgeni Malkin in SAN JOSE BRONCOS zone. 2:12 of 1st period - Shot by Nicklas Backstrom. 2:12 of 1st period - Stopped by Petr Mrazek with a rebound. 2:24 of 1st period - Shot by T.J. Oshie. 2:24 of 1st period - Shot Blocked by Hampus Lindholm. 3:10 of 1st period - Icing by Drew Doughty. 3:11 of 1st period - Nick Bonino wins face-off versus Teuvo Teravainen in PHOENIX MUSTANGS zone. 4:08 of 1st period - Off-side. 4:09 of 1st period - Brayden Point wins face-off versus Clayton Keller in neutral zone. 4:09 of 1st period - Brayden Point is hit by Jesper Fast. 4:41 of 1st period - Chris Tanev is hit by Jesper Fast and loses puck. 4:52 of 1st period - Anthony Beauvillier is hit by Jesper Fast and loses puck. 4:56 of 1st period - Icing by Anthony Beauvillier. 4:57 of 1st period - Brayden Point wins face-off versus T.J. Oshie in SAN JOSE BRONCOS zone. 5:19 of 1st period - Icing by Neal Pionk. 5:20 of 1st period - Brayden Point wins face-off versus Teuvo Teravainen in SAN JOSE BRONCOS zone. 5:24 of 1st period - Brayden Point is hit by Drew Doughty and loses puck. 5:46 of 1st period - Shot by Conor Garland. 5:46 of 1st period - Shot Misses the Net. 5:48 of 1st period - Shot by Jesper Bratt. 5:48 of 1st period - Goal by Jesper Bratt - SAN JOSE BRONCOS : 1 - PHOENIX MUSTANGS : 0. 5:49 of 1st period - Evgeni Malkin wins face-off versus Kevin Hayes in neutral zone. 5:59 of 1st period - Claude Giroux is hit by Erik Karlsson and loses puck. 6:56 of 1st period - Adam Pelech is hit by Clayton Keller and loses puck. 7:08 of 1st period - Icing by Adam Pelech. 7:09 of 1st period - Claude Giroux wins face-off versus Teuvo Teravainen in SAN JOSE BRONCOS zone. 8:25 of 1st period - Shot by Nicklas Backstrom. 8:25 of 1st period - Stopped by Petr Mrazek without a rebound. 8:26 of 1st period - Kevin Hayes wins face-off versus Nick Bonino in SAN JOSE BRONCOS zone. 8:41 of 1st period - Shot by T.J. Oshie. 8:41 of 1st period - Shot Misses the Net. 8:57 of 1st period - Shot by Nicklas Backstrom. 8:57 of 1st period - Deflect By Kevin Hayes. 8:57 of 1st period - Shot Misses the Net. 8:59 of 1st period - Shot by T.J. Oshie. 8:59 of 1st period - Shot Blocked by Neal Pionk. 9:01 of 1st period - Shot by Nicklas Backstrom. 9:01 of 1st period - Shot Misses the Net. 9:47 of 1st period - Icing by Jay Bouwmeester. 9:48 of 1st period - Charlie Coyle wins face-off versus Clayton Keller in PHOENIX MUSTANGS zone. 9:49 of 1st period - Shot by Conor Garland. 9:49 of 1st period - Deflect By Jesper Bratt. 9:49 of 1st period - Shot Misses the Net. 9:51 of 1st period - Shot by Brady Skjei. 9:51 of 1st period - Shot Misses the Net. 10:03 of 1st period - Shot by Conor Garland. 10:03 of 1st period - Shot Hit the Post. 10:07 of 1st period - Shot by Charlie Coyle. 10:07 of 1st period - Shot Blocked by Drew Doughty. 10:16 of 1st period - Shot by Jesper Bratt. 10:16 of 1st period - Stopped by Joonas Korpisalo without a rebound. 10:17 of 1st period - Brayden Point wins face-off versus Jordan Greenway in PHOENIX MUSTANGS zone. 10:29 of 1st period - Shot by Oliver Bjorkstrand. 10:29 of 1st period - Shot Blocked by Erik Karlsson. 10:41 of 1st period - Shot by Brayden Point. 10:41 of 1st period - Stopped by Joonas Korpisalo without a rebound. 10:42 of 1st period - Teuvo Teravainen wins face-off versus Connor Brown in PHOENIX MUSTANGS zone. 10:49 of 1st period - Shot by Teuvo Teravainen. 10:49 of 1st period - Stopped by Petr Mrazek without a rebound. 10:50 of 1st period - Kevin Hayes wins face-off versus Charlie Coyle in SAN JOSE BRONCOS zone. 10:51 of 1st period - Shot by Nicklas Backstrom. 10:51 of 1st period - Shot Blocked by Jaccob Slavin. 10:53 of 1st period - Shot by Jonas Brodin. 10:53 of 1st period - Deflect By Nicklas Backstrom. 10:53 of 1st period - Goal by Nicklas Backstrom - SAN JOSE BRONCOS : 1 - PHOENIX MUSTANGS : 1. 10:54 of 1st period - Charlie Coyle wins face-off versus Kevin Hayes in neutral zone. 10:56 of 1st period - Off-side. 10:57 of 1st period - T.J. Oshie wins face-off versus Charlie Coyle in neutral zone. 11:06 of 1st period - Shot by Kevin Hayes. 11:06 of 1st period - Shot Misses the Net. 11:31 of 1st period - Conor Garland is hit by Jonas Brodin and loses puck. 11:38 of 1st period - Shot by Charlie Coyle. 11:38 of 1st period - Stopped by Joonas Korpisalo without a rebound. 11:39 of 1st period - Evgeni Malkin wins face-off versus Clayton Keller in PHOENIX MUSTANGS zone. 12:25 of 1st period - Shot by Claude Giroux. 12:25 of 1st period - Stopped by Joonas Korpisalo with a rebound. 14:21 of 1st period - Shot by Jesper Bratt. 14:21 of 1st period - Shot Misses the Net. 14:46 of 1st period - Shot by Conor Garland. 14:46 of 1st period - Shot Blocked by Fredrik Claesson. 14:50 of 1st period - Shot by Charlie Coyle. 14:50 of 1st period - Stopped by Joonas Korpisalo with a rebound. 14:52 of 1st period - Shot by Jaccob Slavin. 14:52 of 1st period - Shot Misses the Net. 14:54 of 1st period - Shot by Hampus Lindholm. 14:54 of 1st period - Shot Misses the Net. 14:56 of 1st period - Shot by Hampus Lindholm. 14:56 of 1st period - Stopped by Joonas Korpisalo without a rebound. 14:57 of 1st period - Evgeni Malkin wins face-off versus Kevin Hayes in PHOENIX MUSTANGS zone. 15:02 of 1st period - Shot by Claude Giroux. 15:02 of 1st period - Goal by Claude Giroux - SAN JOSE BRONCOS : 2 - PHOENIX MUSTANGS : 1. 15:03 of 1st period - Evgeni Malkin wins face-off versus Kevin Hayes in neutral zone. 15:23 of 1st period - Shot by Claude Giroux. 15:23 of 1st period - Shot Blocked by Erik Karlsson. 15:26 of 1st period - Icing by Erik Karlsson. 15:27 of 1st period - Nick Bonino wins face-off versus Kevin Hayes in PHOENIX MUSTANGS zone. 15:34 of 1st period - Jaccob Slavin is hit by T.J. Oshie and loses puck. 16:00 of 1st period - Icing by Hampus Lindholm. 16:01 of 1st period - Nick Bonino wins face-off versus Clayton Keller in SAN JOSE BRONCOS zone. 17:14 of 1st period - Shot by Andrew Copp. 17:14 of 1st period - Deflect By Teuvo Teravainen. 17:14 of 1st period - Shot Misses the Net. 17:15 of 1st period - Minor Penalty to Adam Pelech for Tripping. 17:16 of 1st period - Nick Bonino wins face-off versus Kevin Hayes in SAN JOSE BRONCOS zone. 17:52 of 1st period - Shot by T.J. Oshie. 17:52 of 1st period - Shot Misses the Net. 17:54 of 1st period - Shot by Jonas Brodin. 17:54 of 1st period - Stopped by Petr Mrazek without a rebound. 17:55 of 1st period - Evgeni Malkin wins face-off versus Teuvo Teravainen in SAN JOSE BRONCOS zone. 19:08 of 1st period - Shot by T.J. Oshie. 19:08 of 1st period - Shot Misses the Net. 19:32 of 1st period - Shot by T.J. Oshie. 19:32 of 1st period - Stopped by Petr Mrazek without a rebound. 19:33 of 1st period - Kevin Hayes wins face-off versus Brayden Point in SAN JOSE BRONCOS zone. 19:40 of 1st period - Jonas Brodin is hit by Anthony Beauvillier and loses puck. Goals for this period are 2 for SAN JOSE BRONCOS vs 1 for PHOENIX MUSTANGS. Shots for this period are 9 for SAN JOSE BRONCOS vs 7 for PHOENIX MUSTANGS. 2nd period 0:01 of 2nd period - Kevin Hayes wins face-off versus Charlie Coyle in neutral zone. 0:48 of 2nd period - Icing by Erik Karlsson. 0:49 of 2nd period - Connor Brown wins face-off versus Kevin Hayes in PHOENIX MUSTANGS zone. 1:15 of 2nd period - Icing by Jonas Brodin. 1:16 of 2nd period - T.J. Oshie wins face-off versus Brayden Point in PHOENIX MUSTANGS zone. 1:16 of 2nd period - T.J. Oshie is hit by Brayden Point. 1:21 of 2nd period - T.J. Oshie is hit by Brayden Point and loses puck. 1:46 of 2nd period - Shot by Brayden Point. 1:46 of 2nd period - Stopped by Joonas Korpisalo without a rebound. 1:47 of 2nd period - Evgeni Malkin wins face-off versus Teuvo Teravainen in PHOENIX MUSTANGS zone. 1:50 of 2nd period - Shot by Evgeni Malkin. 1:50 of 2nd period - Shot Misses the Net. 2:00 of 2nd period - Shot by Christian Dvorak. 2:00 of 2nd period - Shot Misses the Net. 2:16 of 2nd period - Shot by Christian Dvorak. 2:16 of 2nd period - Stopped by Petr Mrazek without a rebound. 2:17 of 2nd period - Clayton Keller wins face-off versus Conor Garland in SAN JOSE BRONCOS zone. 2:58 of 2nd period - Shot by Conor Garland. 2:58 of 2nd period - Deflect By Jesper Bratt. 2:58 of 2nd period - Stopped by Joonas Korpisalo with a rebound. 3:00 of 2nd period - Shot by Jaccob Slavin. 3:00 of 2nd period - Shot Blocked by Clayton Keller. 3:02 of 2nd period - Shot by Jesper Bratt. 3:02 of 2nd period - Stopped by Joonas Korpisalo without a rebound. 3:03 of 2nd period - Andrew Copp wins face-off versus Connor Brown in PHOENIX MUSTANGS zone. 3:18 of 2nd period - Shot by Connor Brown. 3:18 of 2nd period - Stopped by Joonas Korpisalo without a rebound. 3:19 of 2nd period - Brayden Point wins face-off versus T.J. Oshie in PHOENIX MUSTANGS zone. 3:29 of 2nd period - Icing by Erik Karlsson. 3:30 of 2nd period - Kevin Hayes wins face-off versus Evgeni Malkin in PHOENIX MUSTANGS zone. 3:30 of 2nd period - Kevin Hayes is hit by Connor Brown. 3:53 of 2nd period - Icing by Jonas Brodin. 3:54 of 2nd period - Kevin Hayes wins face-off versus Brayden Point in PHOENIX MUSTANGS zone. 3:54 of 2nd period - Erik Karlsson is hit by Anthony Beauvillier and loses puck. 5:13 of 2nd period - Shot by Claude Giroux. 5:13 of 2nd period - Stopped by Joonas Korpisalo with a rebound. 6:10 of 2nd period - Off-side. 6:11 of 2nd period - Clayton Keller wins face-off versus Nick Bonino in neutral zone. 6:17 of 2nd period - Shot by Jesper Fast. 6:17 of 2nd period - Shot Misses the Net. 6:19 of 2nd period - Shot by Jesper Fast. 6:19 of 2nd period - Stopped by Petr Mrazek without a rebound. 6:20 of 2nd period - Brayden Point wins face-off versus Teuvo Teravainen in SAN JOSE BRONCOS zone. 7:30 of 2nd period - Claude Giroux is hit by Dennis Cholowski and loses puck. 7:49 of 2nd period - Shot by Evgeni Malkin. 7:49 of 2nd period - Shot Blocked by Jesper Fast. 7:51 of 2nd period - Shot by Chris Tanev. 7:51 of 2nd period - Stopped by Joonas Korpisalo without a rebound. 7:52 of 2nd period - Charlie Coyle wins face-off versus Jordan Greenway in PHOENIX MUSTANGS zone. 8:03 of 2nd period - Shot by Charlie Coyle. 8:03 of 2nd period - Shot Misses the Net. 8:16 of 2nd period - Icing by Adam Pelech. 8:17 of 2nd period - Teuvo Teravainen wins face-off versus Charlie Coyle in SAN JOSE BRONCOS zone. 8:17 of 2nd period - Christian Dvorak is hit by Adam Pelech and loses puck. 8:20 of 2nd period - Shot by Christian Dvorak. 8:20 of 2nd period - Stopped by Petr Mrazek without a rebound. 8:21 of 2nd period - Evgeni Malkin wins face-off versus Teuvo Teravainen in SAN JOSE BRONCOS zone. 8:21 of 2nd period - Evgeni Malkin is hit by Andrew Copp. 8:33 of 2nd period - Shot by Andrew Copp. 8:33 of 2nd period - Stopped by Petr Mrazek without a rebound. 8:34 of 2nd period - Charlie Coyle wins face-off versus Kevin Hayes in SAN JOSE BRONCOS zone. 8:34 of 2nd period - Conor Garland is hit by T.J. Oshie and loses puck. 8:40 of 2nd period - Icing by Brady Skjei. 8:41 of 2nd period - Teuvo Teravainen wins face-off versus Charlie Coyle in SAN JOSE BRONCOS zone. 9:13 of 2nd period - Andrew Copp is hit by Adam Pelech and loses puck. 9:49 of 2nd period - Shot by Claude Giroux. 9:49 of 2nd period - Stopped by Joonas Korpisalo with a rebound. 9:51 of 2nd period - Shot by Evgeni Malkin. 9:51 of 2nd period - Stopped by Joonas Korpisalo with a rebound. 9:57 of 2nd period - Shot by Claude Giroux. 9:57 of 2nd period - Stopped by Joonas Korpisalo without a rebound. 9:58 of 2nd period - Kevin Hayes wins face-off versus Oliver Bjorkstrand in PHOENIX MUSTANGS zone. 11:42 of 2nd period - Shot by Claude Giroux. 11:42 of 2nd period - Stopped by Joonas Korpisalo without a rebound. 11:43 of 2nd period - Christian Dvorak wins face-off versus Evgeni Malkin in PHOENIX MUSTANGS zone. 12:21 of 2nd period - Shot by Claude Giroux. 12:21 of 2nd period - Stopped by Joonas Korpisalo without a rebound. 12:22 of 2nd period - Charlie Coyle wins face-off versus T.J. Oshie in PHOENIX MUSTANGS zone. 12:37 of 2nd period - Shot by Conor Garland. 12:37 of 2nd period - Shot Misses the Net. 12:39 of 2nd period - Shot by Conor Garland. 12:39 of 2nd period - Stopped by Joonas Korpisalo with a rebound. 12:41 of 2nd period - Shot by Charlie Coyle. 12:41 of 2nd period - Stopped by Joonas Korpisalo without a rebound. 12:42 of 2nd period - Nick Bonino wins face-off versus Clayton Keller in PHOENIX MUSTANGS zone. 12:48 of 2nd period - Icing by Fredrik Claesson. 12:49 of 2nd period - Evgeni Malkin wins face-off versus Clayton Keller in PHOENIX MUSTANGS zone. 13:03 of 2nd period - Icing by Clayton Keller. 13:04 of 2nd period - Clayton Keller wins face-off versus Conor Garland in PHOENIX MUSTANGS zone. 13:15 of 2nd period - Shot by Clayton Keller. 13:15 of 2nd period - Stopped by Petr Mrazek without a rebound. 13:16 of 2nd period - Evgeni Ma